Cogmind - Beta 16 @@@ ROGUE MODE // 2025.12.18 @ 21:21:55 Player: FretfulMantis Result: Destroyed by Y-64 Sentinel with KE Penetrator Performance ------------- Evolutions (6) 3000 Regions Visited (12) 2400 Robots Destroyed (55) 275 Value Destroyed (1599) 1599 Prototype IDs (23) 460 Alien Tech Used (0) 0 Bonus (-1965) -1965 TOTAL SCORE: 5769 Bonus ------- High Alert Combat Kills 32 Follower Combat Kills 311 Entered DSFs 500 Aligned with FarCom 300 Friendly Fire -3108 Cogmind --------- Core Integrity 0/1150 Matter 158/300 Energy 156/160 System Corruption 0% Temperature Cool (8) Movement Flying (36) Location -4/Factory Parts ------- > --- POWER (2) -------- Light Fission Core > --- PROPULSION (6) --- Field Propulsion Drive Field Propulsion Drive Field Propulsion Drive Field Propulsion Drive > --- UTILITY (8) ------ (None) > --- WEAPON (3) ------- Heavy Flail > --- INVENTORY (5) ---- Field Propulsion Drive Improved Thermal Shield Authchip [Weapon] Disruptor Cannon Peak State ------------ > --- POWER ------------ Nuclear Core Nuclear Core > --- PROPULSION ------- Improved Treads Wheel Wheel Nuclear Pulse Array > --- UTILITY ---------- Advanced Heat Sink Improved Cooling System High-capacity Storage Unit Advanced Sensor Array Advanced Signal Interpreter Seismic Detector Improved Medium Armor Plating > --- WEAPON ----------- Tesla Rifle Flak Gun Heavy Battle Rifle > --- INVENTORY -------- Antimatter Reactor Nuclear Pulse Array Nuclear Pulse Array Compact Matter Pod Experimental Sensor Array Advanced Signal Interpreter Advanced Terrain Scan Processor Hardened Light Armor Plating Improved Thermal Shield EM Disruption Field Advanced Shield Generator Authchip [R/Combat] Authchip [Weapon] Disruptor Cannon Mass Driver Remote Datajack [Rating: 70] Favorites ----------- Power Nuclear Core Engine Ion Engine Power Core Nuclear Core Reactor Antimatter Reactor Propulsion Wheel Treads Light Treads Wheel Wheel Hover Unit Gravmag System Flight Unit Nuclear Pulse Array Utility High-capacity Storage Unit Device Seismic Detector Storage High-capacity Storage Unit Processor Advanced Visual Processing Unit Protection Light Armor Plating Weapon Assault Cannon Energy Gun Tesla Rifle Energy Cannon Heavy Particle Cannon Ballistic Gun Light Assault Rifle Ballistic Cannon Assault Cannon Special Weapon Remote Datajack Impact Weapon Flail Build | -11 -10 -10 -10 -9 -8 -7 -6 -6 -5 -5 -5 -4 ------- Run | Yrd Mat Min Exi Min Mat Fac Fac DSF Fac Was Fac Fac Slots Evolved 12 | . . . . . 4 2 2 . 2 . . 2 Power 1 | . . . . . . . . . 1 . . . Propulsion 4 | . . . . . 2 . 1 . . . . 1 Utility 6 | . . . . . 2 1 1 . 1 . . 1 Weapon 1 | . . . . . . 1 . . . . . . Parts Attached 79 | 6 1 1 1 1 16 17 1 8 8 2 5 12 Power 10 | 1 . . . . 2 2 . 2 1 . . 2 Engine 4 | 1 . . . . 1 2 . . . . . . Core 5 | . . . . . 1 . . 2 1 . . 1 Reactor 1 | . . . . . . . . . . . . 1 Propulsion 29 | 2 . . . 1 5 8 1 2 3 . 1 6 Treads 5 | . . . . . 3 1 . . . . 1 . Leg . | . . . . . . . . . . . . . Wheel 10 | 2 . . . 1 2 2 . . 3 . . . Hover 2 | . . . . . . 1 1 . . . . . Flight 12 | . . . . . . 4 . 2 . . . 6 Utility 24 | 1 1 1 1 . 4 5 . 2 4 1 3 1 Device 11 | . . 1 . . 1 2 . 2 2 1 1 1 Storage 4 | 1 1 . 1 . . . . . 1 . . . Processor 4 | . . . . . 1 2 . . 1 . . . Hackware . | . . . . . . . . . . . . . Protection 5 | . . . . . 2 1 . . . . 2 . Artifact . | . . . . . . . . . . . . . Weapon 16 | 2 . . . . 5 2 . 2 . 1 1 3 Energy Gun 1 | . . . . . . . . . . . 1 . Energy Cannon 1 | . . . . . . . . 1 . . . . Ballistic Gun 6 | 2 . . . . 2 . . 1 . 1 . . Ballistic Cannon 5 | . . . . . 2 2 . . . . . 1 Launcher . | . . . . . . . . . . . . . Special Weapon 1 | . . . . . . . . . . . . 1 Impact Weapon 2 | . . . . . 1 . . . . . . 1 Slashing Weapon . | . . . . . . . . . . . . . Piercing Weapon . | . . . . . . . . . . . . . Special Melee Weapon . | . . . . . . . . . . . . . Unidentified Prototypes . | . . . . . . . . . . . . . Parts Lost 47 | . . . . 1 7 17 . 2 . 1 1 18 Power 7 | . . . . . 1 2 . 1 . . . 3 Propulsion 21 | . . . . 1 3 9 . 1 . . 1 6 Utility 10 | . . . . . 1 3 . . . 1 . 5 Weapon 9 | . . . . . 2 3 . . . . . 4 Highest Loss Streak 18 | . . . . 1 4 7 . 1 . 1 1 18 To Critical Strikes . | . . . . . . . . . . . . . Average Backups 15 | 2 7 10 15 17 19 19 4 4 10 14 16 9 Power 2 | . 1 2 4 5 4 3 . . . . 1 . Propulsion 1 | 1 3 4 6 6 1 . . . 1 2 2 1 Utility 6 | . 2 1 1 2 7 10 3 2 5 8 9 5 Weapon 2 | . 1 1 2 2 3 3 1 1 2 3 3 1 Tool/Special . | . . . . . . . . . . . . . Unused Backups 34 | . . . . . 9 16 . . . . . 9 Power 5 | . . . . . 1 4 . . . . . . Propulsion 4 | . . . . . 4 . . . . . . . Utility 17 | . . . . . 2 7 . . . . . 8 Weapon 5 | . . . . . 2 2 . . . . . 1 Tool/Special 3 | . . . . . . 3 . . . . . . Average Slot Usage (%) 78 | . 85 95 100 99 94 80 2 14 65 67 80 41 Engine 5 | . 14 14 14 14 7 5 . . . . . . Core 2 | . . . . . . 1 . 3 11 11 11 4 Treads 5 | . . . . . 15 6 . . . . 1 2 Wheel 14 | . 28 28 28 27 18 6 . . 15 17 14 4 Flight 2 | . . . . . . 3 . 2 5 5 5 5 Device 8 | . . 9 14 14 9 3 . 1 20 17 21 9 Storage 7 | . 14 14 14 14 9 6 . . 4 5 5 2 Processor 8 | . . . . . 6 20 . . 3 5 5 2 Protection 2 | . . . . . 7 2 . . . . 3 2 Ballistic Gun 9 | . 28 28 28 28 16 . . 1 . 2 6 3 Ballistic Cannon 4 | . . . . . 1 14 . . . . . . Impact Weapon 1 | . . . . . . 4 . . . . . 1 Peak Build Rating 70 | 6 7 8 12 12 24 44 6 49 53 54 70 70 Average Rating 28 | 4 6 7 9 11 19 35 4 13 49 48 59 35 On Entrance 23 | . 6 7 8 12 12 24 2 6 49 53 50 70 Avg Prop Armor Cover (%) 9 | . . . . . 13 10 . 26 3 4 6 8 Naked Turns 73 | . . . . . . 31 5 7 . . . 30 Heaviest Build 79 | 13 33 29 49 49 61 67 . 27 66 66 79 79 Greatest Support 30 | 20 20 20 20 20 30 30 9 26 30 30 30 28 Greatest Overweight (x) 19 | . 1 1 2 4 5 19 . 3 6 2 3 3 Average Overweight (x) 2 | . . 1 1 2 1 4 . 1 1 1 2 . Largest Inventory Capacity 20 | 8 15 15 20 20 20 20 5 5 20 20 20 20 Average Capacity 17 | 7 11 15 18 20 20 19 5 5 19 20 20 11 Most Carried 20 | 7 8 11 18 18 20 20 5 5 15 17 20 18 Average Carried 15 | 2 7 10 15 17 19 19 4 4 12 16 18 10 Final Capacity 20 | 8 15 15 20 20 20 5 5 5 20 20 20 5 Final Carried 18 | 7 8 11 17 18 18 4 5 5 15 17 18 4 Class Distribution -------------------- 59% | Mutant 17% | Scavenger-Skirmisher 10% | Scavenger-Mutant 8% | Skirmisher 3% | Scavenger-Assassin Dominant Class ---------------- Mutant | -10/Materials Mutant | -10/Mines Mutant | -10/Exiles Mutant | -9/Mines Scavenger-Skirmisher | -8/Materials Mutant | -7/Factory Mutant | -6/Factory Mutant | -6/DSF Mutant | -5/Factory Mutant | -5/Waste Mutant | -5/Factory Mutant | -4/Factory Resources | -11 -10 -10 -10 -9 -8 -7 -6 -6 -5 -5 -5 -4 ----------- Run | Yrd Mat Min Exi Min Mat Fac Fac DSF Fac Was Fac Fac Matter Collected 1843 | 238 80 35 . 42 333 371 . 225 . 239 232 48 Remotely . | . . . . . . . . . . . . . Salvage Created 1848 | 29 115 78 . 86 495 293 . 212 . . 76 464 Parts 95 | 5 9 5 . 6 32 15 . . . . 6 17 Haulers Intercepted 1 | . . . . . . 1 . . . . . . Recyclers Shooed 1 | 1 . . . . . . . . . . . . Parts Field Recycled . | . . . . . . . . . . . . . Retrieved Matter . | . . . . . . . . . . . . . Parts Self-Destructed . | . . . . . . . . . . . . . Prevented . | . . . . . . . . . . . . . Parts Restored . | . . . . . . . . . . . . . Kills | -11 -10 -10 -10 -9 -8 -7 -6 -6 -5 -5 -5 -4 ------- Run | Yrd Mat Min Exi Min Mat Fac Fac DSF Fac Was Fac Fac Combat Hostiles Destroyed 34 | . 5 3 . 2 9 11 . . . . 1 3 Melee 1 | . . . . . . 1 . . . . . . Guns 19 | . 5 3 . 2 6 . . . . . 1 2 Cannons 14 | . . . . . 3 10 . . . . . 1 Classes Destroyed 15 | 1 2 1 . . 4 5 . . . . . 2 Worker 3 | . . 1 . . 1 1 . . . . . . Builder 3 | . . . . . 2 1 . . . . . . Tunneler 2 | 1 . . . . . 1 . . . . . . Hauler 1 | . . . . . . 1 . . . . . . Recycler 1 | . . . . . . 1 . . . . . . Watcher 1 | . . . . . 1 . . . . . . . Swarmer 13 | . 3 3 . . . 7 . . . . . . Grunt 11 | . 2 . . 2 4 1 . . . . . 2 Brawler 1 | . . . . . . 1 . . . . . . Duelist 1 | . . . . . 1 . . . . . . . Sentry 5 | . . . . . 4 . . . . . 1 . Demolisher 1 | . . . . . . . . . . . . 1 Hunter 1 | . . . . . . 1 . . . . . . Programmer 1 | . . . . . . 1 . . . . . . Surgeon 2 | . . . . . . . . . . . . 2 Wasp 1 | . . . . . . . . . . . . 1 Thug 5 | . . . . . . . . . . . . 5 Savage 1 | . . . . . . . . . . . . 1 Martyr 1 | . . . . . . . . . . . . 1 Best Kill Streak 6 | 1 3 6 . 2 2 4 . . . . 1 2 Combat Bots Only 6 | . 3 6 . 2 2 3 . . . . 1 2 Max Kills in Single Turn 9 | 1 1 2 . 1 1 1 . . . . 1 9 Gunslinging 1 | . . 1 . . . . . . . . . . Exploded . | . . . . . . . . . . . . . Melee 1 | . . . . . . 1 . . . . . . Uniques/NPCs Destroyed . | . . . . . . . . . . . . . Combat | -11 -10 -10 -10 -9 -8 -7 -6 -6 -5 -5 -5 -4 -------- Run | Yrd Mat Min Exi Min Mat Fac Fac DSF Fac Was Fac Fac Hostile Shots Fired 466 | . 13 7 . 9 67 161 . 37 . 1 12 159 Missed 139 | . 3 3 . 2 13 48 . 13 . . 4 53 Hits 327 | . 10 4 . 7 54 113 . 24 . 1 8 106 Melee 10 | . . . . . 7 2 . . . 1 . . Projectile 317 | . 10 4 . 7 47 111 . 24 . . 8 106 AOE 22 | . . . . . . . . . . . . 22 Critical Strikes 16 | . . 1 . . 4 2 . 1 . . 1 7 Damage Taken 7086 | . 99 30 . 90 1016 1809 . 841 . 71 195 2935 Core 2082 | . 19 . . 14 108 370 . 368 . . 50 1153 Absorbed by Shields . | . . . . . . . . . . . . . Regen/Repaired (Parts) 123 | . . . . . . 30 . . . 52 41 . Core Remaining (%) 77 | 100 . . . 86 80 47 . 56 . . 95 . Volleys Fired 139 | 3 9 7 . 6 45 40 . 11 . . 9 9 Largest 3 | 2 2 2 . 2 2 3 . 1 . . 1 3 Hottest 126 | 40 40 40 . 40 74 114 . 75 . . 33 126 Shots Fired 262 | 6 18 14 . 12 87 83 . 11 . . 9 22 Gun 148 | 6 18 14 . 12 69 . . . . . 9 20 Cannon 113 | . . . . . 18 83 . 11 . . . 1 Launcher . | . . . . . . . . . . . . . Special 1 | . . . . . . . . . . . . 1 Kinetic 243 | 6 18 14 . 12 87 83 . . . . 9 14 Thermal 11 | . . . . . . . . 11 . . . . Explosive . | . . . . . . . . . . . . . Electromagnetic 7 | . . . . . . . . . . . . 7 Robot Hit Streak 20 | 5 16 2 . 3 20 4 . . . . 2 9 Robot Miss Streak 7 | 1 1 2 . 1 4 5 . 1 . . 4 7 Penetration Max . | . . . . . . . . . . . . . Secondary Targets 2 | . 1 1 . . . . . . . . . . Max Gunslinging Chain 1 | . 1 1 . . . . . . . . . . Shots Hit Robots 152 | 5 14 6 . 8 62 40 . . . . 3 14 Core Hits 87 | 2 7 4 . 5 27 18 . . . . 2 22 Critical Kills . | . . . . . . . . . . . . . Critical Parts Destroyed . | . . . . . . . . . . . . . Critical Strikes 1 | . . . . . 1 . . . . . . . Blast 1 | . . . . . 1 . . . . . . . Melee Attacks 24 | . . . . . 1 12 . . . . . 11 Impact 24 | . . . . . 1 12 . . . . . 11 Slashing . | . . . . . . . . . . . . . Piercing . | . . . . . . . . . . . . . Sneak Attacks 1 | . . . . . . 1 . . . . . . Combat Hostiles . | . . . . . . . . . . . . . Follow-up Attacks . | . . . . . . . . . . . . . Damage Inflicted 5458 | 66 155 60 . 106 830 1576 . 28 . . 82 2555 Guns 1287 | 66 155 60 . 82 561 . . . . . 82 281 Cannons 1261 | . . . . . 267 963 . . . . . 31 Explosions 2749 | . . . . . . 506 . . . . . 2243 Melee 107 | . . . . . . 107 . . . . . . Ramming 54 | . . . . 24 2 . . 28 . . . . Kinetic 2445 | 66 155 60 . 82 828 963 . . . . 82 209 Thermal 2749 | . . . . . . 506 . . . . . 2243 Explosive . | . . . . . . . . . . . . . Electromagnetic 103 | . . . . . . . . . . . . 103 Impact 107 | . . . . . . 107 . . . . . . Slashing . | . . . . . . . . . . . . . Piercing . | . . . . . . . . . . . . . Highest Corruption 5 | . . . . . . 1 . 5 . . . . Average Corruption 1 | . . . . . . 1 . 4 . . . . Corruption Purged . | . . . . . . . . . . . . . Corruption Blocked . | . . . . . . . . . . . . . Effects 14 | . . . . . . 7 . 7 . . . . Message Errors 6 | . . . . . . 3 . 3 . . . . Matter Fused 1 | . . . . . . 1 . . . . . . Heat Flow Errors 2 | . . . . . . 1 . 1 . . . . Energy Discharges 1 | . . . . . . 1 . . . . . . Data Loss (minor) 3 | . . . . . . 1 . 2 . . . . Data Loss (major) 1 | . . . . . . . . 1 . . . . Overload Shots . | . . . . . . . . . . . . . Overflow Damage 557 | . . . . . 17 166 . . . . . 374 Projectiles 24 | . . . . . 17 7 . . . . . . Explosions 467 | . . . . . . 93 . . . . . 374 Melee 66 | . . . . . . 66 . . . . . . Knockbacks 15 | . . . . . 6 9 . . . . . . Impact 1 | . . . . . . 1 . . . . . . Kinetic 13 | . . . . . 5 8 . . . . . . Secondary 1 | . . . . . 1 . . . . . . . Self-Inflicted Damage 311 | . . . . 12 1 154 . 28 . . . 116 Shots 4 | . . . . . . 2 . . . . . 2 Rammed 2 | . . . . 1 1 . . . . . . . Targets Rammed 2 | . . . . 1 1 . . . . . . . Kicked . | . . . . . . . . . . . . . Crushed . | . . . . . . . . . . . . . Highest Temperature 221 | . 6 . . 6 99 221 . 132 . . . 20 Average Temperature 46 | . 6 . . 6 32 57 . 75 . . . 11 Received Heat Transfer 1082 | . 36 . . 45 378 168 . . . . 54 401 Siege Activations . | . . . . . . . . . . . . . Martial Activations . | . . . . . . . . . . . . . Shielding Activations . | . . . . . . . . . . . . . Robots Disrupted 1 | . . . . . . . . . . . . 1 Combat Hostiles 1 | . . . . . . . . . . . . 1 Robots Corrupted 1 | . . . . . . 1 . . . . . . Combat Hostiles . | . . . . . . . . . . . . . Parts Fried . | . . . . . . . . . . . . . Impact Corruptions 2 | . . . . . . 2 . . . . . . Robots Melted 2 | . . . . . . . . . . . . 2 Combat Hostiles . | . . . . . . . . . . . . . Parts Melted 1 | . . . . . . . . . . . . 1 Heat Transferred 1800 | . . . . . . 250 . . . . . 1550 Parts Sabotaged . | . . . . . . . . . . . . . Parts Stolen . | . . . . . . . . . . . . . Parts Stripped . | . . . . . . . . . . . . . Power Chain Reactions . | . . . . . . . . . . . . . Alert | -11 -10 -10 -10 -9 -8 -7 -6 -6 -5 -5 -5 -4 ------- Run | Yrd Mat Min Exi Min Mat Fac Fac DSF Fac Was Fac Fac Maximum Alert Level 2 | . . . . . . . . . . . 1 2 Low Security (%) 93 | 100 100 100 . 100 100 100 100 100 100 100 80 19 Level 1 5 | . . . . . . . . . . . 19 72 Level 2 . | . . . . . . . . . . . . 7 Level 3 . | . . . . . . . . . . . . . Level 4 . | . . . . . . . . . . . . . Level 5 . | . . . . . . . . . . . . . High Security . | . . . . . . . . . . . . . Max Security . | . . . . . . . . . . . . . Peak Influence 413 | 5 75 95 . 40 67 87 14 50 25 36 279 413 Initial 121 | . . 25 . . . 20 14 9 25 . . 121 Average 40 | . 24 63 . 11 13 25 14 31 3 5 64 284 Influence Increases 2080 | 5 138 75 . 50 283 492 . 60 . 72 309 596 Destroy 0b10 Robot/C 760 | . 100 60 . 40 180 220 . . . . 100 60 Destroy 0b10 Robot/NC 60 | 5 . 5 . . 20 25 . . . . 5 . Destroy Leader 156 | . 10 10 . 10 52 42 . . . . 22 10 Allied During Kill 133 | . . . . . . . . . . . 127 6 Successful Hack 35 | . 13 . . . 10 12 . . . . . . Disable Machine 375 | . . . . . 15 90 . 15 . . 15 240 Destroy Structure 216 | . . . . . 6 28 . . . 72 40 70 Partial Spotted 15 | . . . . . . 15 . . . . . . Lose Combat Pursuer 330 | . 15 . . . . 60 . 45 . . . 210 Influence Decreases 1693 | 5 73 100 40 50 238 507 16 24 50 72 60 458 Entered New Map 279 | . . 40 40 . . 25 16 5 25 . . 128 Time Decay 967 | 5 73 60 . 40 218 352 . . 25 24 60 110 Lost Part 359 | . . . . 10 20 130 . 19 . . . 180 Lost Ally 88 | . . . . . . . . . . 48 . 40 Squads Dispatched 9 | . . . . . . 3 . . . . 1 5 Investigation 2 | . . . . . . 1 . . . . . 1 Extermination 2 | . . . . . . 2 . . . . . . Reinforcement 5 | . . . . . . . . . . . 1 4 Assault . | . . . . . . . . . . . . . Garrison . | . . . . . . . . . . . . . Intercept . | . . . . . . . . . . . . . Searches Triggered . | . . . . . . . . . . . . . Construction Impeded 2 | . . . . . . . . . . . 1 1 Haulers Reinforced 1 | . . . . . . . . . . . . 1 Active Scanning Responses . | . . . . . . . . . . . . . Cargo Convoy Interrupts . | . . . . . . . . . . . . . Stealth | -11 -10 -10 -10 -9 -8 -7 -6 -6 -5 -5 -5 -4 --------- Run | Yrd Mat Min Exi Min Mat Fac Fac DSF Fac Was Fac Fac Distress Signals 4 | . . . . . 1 . . . . . . 3 Communications Jammed . | . . . . . . . . . . . . . Distress Signals . | . . . . . . . . . . . . . Times Spotted 82 | . 7 3 . 2 10 18 . 5 . 5 4 28 Peak Tracking Total 15 | . 3 2 . 2 3 5 . 3 . 3 2 15 Tactical Retreats 11 | . 1 . . . . 3 . 3 . . . 4 Traps | -11 -10 -10 -10 -9 -8 -7 -6 -6 -5 -5 -5 -4 ------- Run | Yrd Mat Min Exi Min Mat Fac Fac DSF Fac Was Fac Fac Traps Triggered 3 | . . . . . 1 1 . . 1 . . . Indirectly . | . . . . . . . . . . . . . Trap Hack Attempts . | . . . . . . . . . . . . . Triggered . | . . . . . . . . . . . . . Disarmed . | . . . . . . . . . . . . . Reprogrammed . | . . . . . . . . . . . . . Reused . | . . . . . . . . . . . . . Traps Extracted . | . . . . . . . . . . . . . Installed . | . . . . . . . . . . . . . Triggered . | . . . . . . . . . . . . . Machines | -11 -10 -10 -10 -9 -8 -7 -6 -6 -5 -5 -5 -4 ---------- Run | Yrd Mat Min Exi Min Mat Fac Fac DSF Fac Was Fac Fac Machines Disabled 25 | . . . . . 1 6 . 1 . . 1 16 Max in Single Turn 16 | . . . . . 1 2 . 1 . . . 16 Machines Repaired . | . . . . . . . . . . . . . Machines Dismantled . | . . . . . . . . . . . . . Machines Sabotaged . | . . . . . . . . . . . . . Overloaded Fab Kills . | . . . . . . . . . . . . . Hacking | -11 -10 -10 -10 -9 -8 -7 -6 -6 -5 -5 -5 -4 --------- Run | Yrd Mat Min Exi Min Mat Fac Fac DSF Fac Was Fac Fac Machines Accessed 12 | . 1 . 1 . 4 3 1 . . . 1 1 Terminals 9 | . 1 . . . 3 2 1 . . . 1 1 Fabricators . | . . . . . . . . . . . . . Repair Stations 1 | . . . . . . 1 . . . . . . Recycling Units 1 | . . . . . 1 . . . . . . . Scanalyzers . | . . . . . . . . . . . . . Garrison Access . | . . . . . . . . . . . . . Total Hacks 33 | . 3 . 1 . 12 11 2 . . . 2 2 Successful 17 | . 2 . 1 . 6 5 1 . . . 1 1 Failed 16 | . 1 . . . 6 6 1 . . . 1 1 Catastrophic 5 | . 1 . . . 1 1 . . . . 1 1 Database Lockouts . | . . . . . . . . . . . . . Manual 27 | . 3 . 1 . 12 7 . . . . 2 2 Terminals 27 | . 3 . . . 11 7 2 . . . 2 2 Fabricators . | . . . . . . . . . . . . . Repair Stations 4 | . . . . . . 4 . . . . . . Recycling Units 1 | . . . . . 1 . . . . . . . Scanalyzers . | . . . . . . . . . . . . . Garrison Access . | . . . . . . . . . . . . . Terminal Hacks 7 | . 1 . 1 . 2 1 1 . . . . 1 Robot Schematic 1 | . . . . . . 1 . . . . . . Robot Analysis 1 | . . . . . 1 . . . . . . . Open DSF 1 | . . . . . . . 1 . . . . . Branch Access Points 1 | . . . . . . . . . . . . 1 Terminal Index 1 | . . . . . 1 . . . . . . . Registered Components 1 | . 1 . . . . . . . . . . . Proto ID Catalog 1 | . . . 1 . . . . . . . . . Fabricator Hacks . | . . . . . . . . . . . . . Repair Station Hacks 2 | . . . . . . 2 . . . . . . Scan Component 1 | . . . . . . 1 . . . . . . Repair 1 | . . . . . . 1 . . . . . . Recycling Unit Hacks . | . . . . . . . . . . . . . Scanalyzer . | . . . . . . . . . . . . . Garrison Access Hacks . | . . . . . . . . . . . . . Unauthorized Hacks 8 | . 1 . . . 4 2 . . . . 1 . Terminals 7 | . 1 . . . 3 2 . . . . 1 . Botnet 7 | . 1 . . . 3 2 . . . . 1 . Fabricators . | . . . . . . . . . . . . . Repair Stations . | . . . . . . . . . . . . . Recycling Units 1 | . . . . . 1 . . . . . . . Mask 1 | . . . . . 1 . . . . . . . Scanalyzers . | . . . . . . . . . . . . . Garrison Access . | . . . . . . . . . . . . . Data Cores Recovered . | . . . . . . . . . . . . . Used . | . . . . . . . . . . . . . Hacking Detections 8 | . . . . . 3 2 1 . . . 1 1 Full Trace Events 3 | . . . . . 1 1 . . . . . 1 Feedback Events . | . . . . . . . . . . . . . Feedback Blocked . | . . . . . . . . . . . . . Robot Schematics Acquired 1 | . . . . . . 1 . . . . . . Robots Built . | . . . . . . . . . . . . . Authchips . | . . . . . . . . . . . . . Time . | . . . . . . . . . . . . . Total Robot Build Rating . | . . . . . . . . . . . . . Part Schematics Acquired . | . . . . . . . . . . . . . Parts Built . | . . . . . . . . . . . . . Authchips . | . . . . . . . . . . . . . Time . | . . . . . . . . . . . . . Total Part Build Rating . | . . . . . . . . . . . . . Part Studies Acquired . | . . . . . . . . . . . . . Parts Repaired 1 | . . . . . . 1 . . . . . . Time 13 | . . . . . . 13 . . . . . . Parts Recycled . | . . . . . . . . . . . . . Recycled Matter . | . . . . . . . . . . . . . Retrieved Matter . | . . . . . . . . . . . . . Retrieved Components . | . . . . . . . . . . . . . Parts Scanalyzed . | . . . . . . . . . . . . . Part Schematics Acquired . | . . . . . . . . . . . . . Parts Damaged . | . . . . . . . . . . . . . Bothacking | -11 -10 -10 -10 -9 -8 -7 -6 -6 -5 -5 -5 -4 ------------ Run | Yrd Mat Min Exi Min Mat Fac Fac DSF Fac Was Fac Fac Used RIF Installer . | . . . . . . . . . . . . . Robots Hacked 1 | . . . . . . . . . . . . 1 Non-combat . | . . . . . . . . . . . . . Combat 1 | . . . . . . . . . . . . 1 Robot Hacks Applied 1 | . . . . . . . . . . . . 1 parse_system 1 | . . . . . . . . . . . . 1 Relay Couplers Released . | . . . . . . . . . . . . . Fabnet Peak Effective % . | . . . . . . . . . . . . . Robots Rewired . | . . . . . . . . . . . . . Allies Hacked . | . . . . . . . . . . . . . Hacks Repelled . | . . . . . . . . . . . . . Allies | -11 -10 -10 -10 -9 -8 -7 -6 -6 -5 -5 -5 -4 -------- Run | Yrd Mat Min Exi Min Mat Fac Fac DSF Fac Was Fac Fac Total Allies 19 | . . . . . . . . . . 19 . . Largest Group 19 | . . . . . . . . . . 19 13 12 Highest-Rated Group 684 | . . . . . . . . . . 684 502 456 Highest-Rated Ally 50 | . . . . . . . . . . 50 50 50 Total Orders . | . . . . . . . . . . . . . Ally Attacks 125 | . . . . . . . . . . 89 29 7 Total Damage 4942 | . . . . . . . . . . 3983 845 114 Kills 14 | . . . . . . . . . . 9 5 . Allies Corrupted . | . . . . . . . . . . . . . Allies Melted 2 | . . . . . . . . . . . . 2 Intel | -11 -10 -10 -10 -9 -8 -7 -6 -6 -5 -5 -5 -4 ------- Run | Yrd Mat Min Exi Min Mat Fac Fac DSF Fac Was Fac Fac Active Infowar (turns) 3383 | . . 97 340 146 802 1216 . 1 245 152 286 98 Optics 1825 | . . . . . 609 1216 . . . . . . Sensors 806 | . . . . . . 108 . . 181 152 286 79 Terrain 371 | . . . . . . 371 . . . . . . Structural 630 | . . . . . 569 61 . . . . . . Seismic 1574 | . . 97 340 146 232 . . . 223 152 286 98 Cloaking 283 | . . . . . . . . 1 245 37 . . Robot Analysis Total 1 | . . . . . 1 . . . . . . . Derelict Logs Recovered 1 | . . . . 1 . . . . . . . . Drone Launches . | . . . . . . . . . . . . . Drone Recoveries . | . . . . . . . . . . . . . Exploration | -11 -10 -10 -10 -9 -8 -7 -6 -6 -5 -5 -5 -4 ------------- Run | Yrd Mat Min Exi Min Mat Fac Fac DSF Fac Was Fac Fac Turns Passed 4060 | 70 183 136 340 146 802 1247 15 212 245 152 286 226 Spaces Moved 2684 | 58 157 116 318 111 441 592 23 138 199 110 195 226 Core 300 | 3 . . . . . 77 8 103 . . . 109 Treads . | . . . . . . . . . . . . . Legs . | . . . . . . . . . . . . . Wheels 2180 | 55 157 116 318 111 441 434 . . 192 110 195 51 Hover 15 | . . . . . . . 15 . . . . . Flight 189 | . . . . . . 81 . 35 7 . . 66 Fastest Speed 36 | 50 80 95 95 110 95 50 50 37 37 95 110 36 Average Speed 116 | 78 86 95 104 111 109 174 56 110 108 104 115 63 Slowest Speed 1000 | 80 95 95 110 140 155 1000 60 200 197 110 125 125 Overloaded Moves . | . . . . . . . . . . . . . Propulsion Burnouts . | . . . . . . . . . . . . . Robots Hopped . | . . . . . . . . . . . . . Potential Cave-ins . | . . . . . . . . . . . . . Cave-ins Triggered 1 | . . . . . . . . . . . . 1 Time Travels 1 | . . . . . . 1 . . . . . . Exploration Rate (%) 30 | 5 30 15 60 25 29 15 . 95 6 69 8 10 Regions Visited 12 Branch Regions 3 Pre-discovered Areas 1 | . . . . 1 . . . . . . . . Known Exits Taken 2 | . . . . . . . 1 . . . 1 . Unknown Exits Taken 7 | 1 1 1 1 1 1 1 . . . . . . Scrap Searched . | . . . . . . . . . . . . . Spaces Dug 12 | . . . . . . 1 . . . . . 11 Terrain Destroyed 68 | . . . . . 4 26 . . . . . 38 Melee 12 | . . . . . . 1 . . . . . 11 Projectile 13 | . . . . . 4 8 . . . . . 1 AOE 43 | . . . . . . 17 . . . . . 26 Terrain Rammed 5 | . . . . . . . . 5 . . . . Walls Destroyed . | . . . . . . . . . . . . . Machines Disabled . | . . . . . . . . . . . . . Actions | -11 -10 -10 -10 -9 -8 -7 -6 -6 -5 -5 -5 -4 --------- Run | Yrd Mat Min Exi Min Mat Fac Fac DSF Fac Was Fac Fac Total 3325 | 73 188 129 325 123 680 708 24 184 227 146 245 273 Wait 281 | . 19 2 . 1 138 21 . 21 8 33 33 5 Move 2673 | 57 156 115 317 110 440 591 22 137 199 109 194 226 Hop . | . . . . . . . . . . . . . Pick Up 75 | 7 1 4 6 3 20 15 1 2 8 2 3 3 Fast Attach 45 | 6 1 . . . 6 8 1 5 7 2 2 7 Attach 36 | . . 1 . 1 9 8 . 3 1 . 3 10 Detach 6 | . 1 . . . . 1 . . 3 . . 1 Swap 12 | . . . 1 . 6 4 . . . . 1 . Drop 27 | . 1 . 1 1 14 8 . . 1 . . 1 Fire 139 | 3 9 7 . 6 45 40 . 11 . . 9 9 Melee 24 | . . . . . 1 12 . . . . . 11 Ram 7 | . . . . 1 1 . . 5 . . . . Kick . | . . . . . . . . . . . . . Crush . | . . . . . . . . . . . . . Escape Stasis . | . . . . . . . . . . . . . Rewire . | . . . . . . . . . . . . . Trap . | . . . . . . . . . . . . . Miscellaneous . | . . . . . . . . . . . . . Route ------- -11/Scrapyard -10/Materials -10/Mines (discovered 2 exits: [*Mat] / *Exi) -10/Exiles -9/Mines -8/Materials -7/Factory -6/Factory -6/DSF -5/Factory -5/Waste -5/Factory -4/Factory (discovered 2 exits: Upp x2) History --------- Turn | Location | Event 8 | -11/Scrapyard | Discovered new exit (range 16) 71 | -11/Scrapyard | Entered Materials 170 | -10/Materials | Discovered new exit (range 14) 254 | -10/Materials | Entered Mines 314 | -10/Mines | Build established: Mutant 352 | -10/Mines | Discovered new exit (range 5) 387 | -10/Mines | Deemed a non-threat by the Exiles lab entrance 387 | -10/Mines | Discovered new exit (range 5) 390 | -10/Mines | Entered Exiles 417 | -10/Exiles | Met 8R-AWN 433 | -10/Exiles | Met EX-HEX 470 | -10/Exiles | Met EX-DEC 561 | -10/Exiles | Met EX-BIN 577 | -10/Exiles | Aligned with FarCom system 578 | -10/Exiles | Given EX-Vault access code 604 | -10/Exiles | Opened EX-Vault 612 | -10/Exiles | Found Cloak of Protection 615 | -10/Exiles | Found Skeleton Box 618 | -10/Exiles | Found Chronowheel 643 | -10/Exiles | Warned to stay clear of 0b10 Research branches 719 | -10/Exiles | Discovered new exit (range 11) 730 | -10/Exiles | Stole three prototypes: Cloak of Protection, Skeleton Box, Chronowheel 730 | -10/Exiles | Entered Mines 793 | -9/Mines | Learned 2 Materials zone layouts 809 | -9/Mines | Learned location of Storage (-8) 868 | -9/Mines | Discovered new exit (range 9) 876 | -9/Mines | Entered Materials 876 | -8/Materials | Evolved 4 slots: Propulsion x2, Utility x2 1405 | -8/Materials | Build established: Scavenger-Skirmisher 1571 | -8/Materials | Discovered new exit (range 3) 1623 | -8/Materials | Lost 4 parts (1n1u2w) 1678 | -8/Materials | Entered Factory 1678 | -7/Factory | Evolved 2 slots: Utility x1, Weapon x1 1680 | -7/Factory | FarCom data flow suspended 1879 | -7/Factory | Lost 5 parts (2n2u1w) 1961 | -7/Factory | Repaired Wheel 2565 | -7/Factory | Lost 7 parts (1p4n1u1w) 2777 | -7/Factory | Build established: Mutant 2891 | -7/Factory | Core integrity fell below 50% 2894 | -7/Factory | Released all parts (7) 2910 | -7/Factory | Activated Chronowheel 2910 | -7/Factory | Spacetime reconverged on an earlier point 2923 | -7/Factory | Discovered new exit (range 4) 2924 | -7/Factory | Lost 4 parts (1p2n1w) 2925 | -7/Factory | Entered another Factory area 2925 | -6/Factory | Evolved 2 slots: Propulsion x1, Utility x1 2940 | -6/Factory | Identified exit to DSF 2940 | -6/Factory | Entered DSF 2969 | -6/DSF | Additional patrols routed to DSF 3127 | -6/DSF | Discovered new exit (range 16) 3152 | -6/DSF | Entered Factory 3152 | -5/Factory | Evolved 2 slots: Power x1, Utility x1 3397 | -5/Factory | Sucked down chute 3397 | -5/Factory | Entered Waste 3402 | -5/Waste | Found Prototype Device 3408 | -5/Waste | Spotted C-40 Crusher 3419 | -5/Waste | Spotted C-40 Crusher 3433 | -5/Waste | Spotted C-40 Crusher 3433 | -5/Waste | Spotted C-40 Crusher 3434 | -5/Waste | Crushed by Compactor (1 part destroyed, 1 dropped) 3440 | -5/Waste | Warlord forces began an assault 3447 | -5/Waste | Allies destroyed C-40 Crusher 3449 | -5/Waste | Allies destroyed C-40 Crusher 3449 | -5/Waste | Allies destroyed C-40 Crusher 3454 | -5/Waste | Spotted C-40 Crusher 3456 | -5/Waste | Spotted C-40 Crusher 3466 | -5/Waste | Allies destroyed C-40 Crusher 3468 | -5/Waste | Allies destroyed C-40 Crusher 3483 | -5/Waste | Allies destroyed C-40 Crusher 3499 | -5/Waste | Lost 6 allies 3499 | -5/Waste | Discovered new exit (range 15) 3514 | -5/Waste | Identified exit to Factory 3549 | -5/Waste | Entered Factory 3549 | -5/Factory | Accompanied by 13 allies 3798 | -5/Factory | Discovered new exit (range 10) 3809 | -5/Factory | Identified exit to Factory 3835 | -5/Factory | Entered another Factory area 3835 | -4/Factory | Accompanied by 12 allies 3835 | -4/Factory | Evolved 2 slots: Propulsion x1, Utility x1 3935 | -4/Factory | Released all parts (8) 3939 | -4/Factory | Lost 12 allies 3955 | -4/Factory | Core integrity fell below 50% 3965 | -4/Factory | Identified exit to Upper Caves 3991 | -4/Factory | Lost 18 parts (3p6n5u4w) 4018 | -4/Factory | Crushed by falling debris 4018 | -4/Factory | Core integrity fell below 20% 4061 | -4/Factory | Destroyed by Y-64 Sentinel with KE Penetrator Last Messages --------------- 03960_ EM Disruption Field destroyed. 03965_ Connecting with Terminal... >>Access(Branch) Found 2 branch access points: (133,66) Upper Caves (133,83) Upper Caves Map updated. 03965_ ALERT: Suspicious activity at Terminal F016. Dispatching Investigation squad. 03973_ Acquired Lgt. Fission Core. 03978_ Slug penetrates Terminal. 03978_ Terminal disabled. 03978_ Penetrated by Slug. 03990_ Slug penetrates Wall. 04018_ The unstable cave ceiling collapses. 04018_ Crushed by falling debris. 04021_ Penetrated by Slug. 04029_ Acquired Field Propulsion Drive. 04042_ Critical hit (Burn: +37). 04061_ Penetrated by Slug. Map ----- +----------------------------------------------------+ | ?????????????????????????????????????????????????? | | ?????????????????????????????????????????????????? | | ?????????????????????????????????????????????????? | | ?????????????????????????????????????????????????? | | ?????????????????????????????????????????????##??? | | ????????????????????????????????????????????? ??? | | ????????????????>???????????????????????????? ??? | | ????????????????????????????????????????????? ??? | | ????????????????????????????????????????????? ??? | | ????????????????????????????????????????????# ??? | | ???????????????????????????????????########## ??? | | ??????????????????????????????????## # ??? | | ??????????????????????????????????#" ! # #??? | | ??????????????????????????????????## # #??? | | ???????????????????????????????????# # #??? | | ???????????????????????????????????# # #??? | | ???????????????????????????????????# """ # #### | | ???????????????????????????????????# [ Y" / | | ???????????????????????????????????# """ # ##"# | | ???????????????????????????????????# ] # #### | | ????????????????????#############??##"####### #?# | | ???????????????????# #####"####??# #?# | | ???????????????????# """"" # #??# #?# | | ????????????????>??+ ""R"" !! # """ #??# ### | | ???????????????????# " " !! # """ #??# ##" | | ???????????????????# @ !! ; """ #??# ### | | ???????????????????#+####/####### +??? ??## | | ????????????????????????# #?????# """ #???#???? | | ????????????????????????# #?????#= R" #???????? | | ????????????????????????# #?????# """ #???????? | | ????????????????????????# #?????# #???????? | | ????????????????????????# #?????##########???????? | | ???????????????????????? ??????????????????????? | | ???????????????????????? ??????????????????????? | | ???????????????????????? Y ??????????????????????? | | ???????????????????????? ??????????????????????? | | ???????????????????????? ??????????????????????? | | ????????????????????????#+#??????????????????????? | | ?????????????????????????????????????????????????? | | ?????????????????????????????????????????????????? | | ?????????????????????????????????????????????????? | | ?????????????????????????????????????????????????? | | ?????????????????????????????????????????????????? | | ??????????????????????????????????????????######## | | ??????????????????????????????????????????# | | ??????????????????????????????????????????# """ | | ??????????????????????????????????????????# """ | | ??????????????????????????????????????????# """ | | ??????????????????????????????????????????# | | ??????????????????????????????????????????# """ | +----------------------------------------------------+ Best States ------------- Heat Dissipation 89 Energy Generation 23 Energy Capacity 380 Matter Stores 300 Matter Capacity 300 Sight Range 20 Robot Scan Range 16 Terrain Scan Range 16 Terrain Scan Density 210 Cloak Strength 5 Armor Coverage 300 Evasion (%) 62 Authchip Count 3 Item Schematics ----------------- None Robot Schematics ------------------ G-47 Trooper | -7/Factory | Hacked Fabricated ------------ Nothing Repaired ---------- Wheel | 25% | -7/Factory Studied --------- None Alien Tech Used ----------------- None Achievements -------------- Collateral Damage Plot Armor Spacetime Is Relative Challenges ------------ None Game ------ Seed ReactiveAerolevInterface Manual? 0 Play Time 00:42:22 Cumulative 47.5 hours Start 2025.12.17 @ 20:28:58 End 2025.12.18 @ 21:21:55 Sessions 4 Manual Loads 0 Difficulty Rogue Special Mode None Game No. 57 Rogue 57 Adventurer 0 Explorer 0 Win Type - Total 2 Types 2/0/0/0/0/0/0/0/0/0 Lore% 37 Gallery% 41 Achievement% 31 Wizard Run 0 Options --------- Layout 0 ASCII 0 Keyboard 1 Movement Numpad Keybinds 0 Fullscreen 1 Font 24/Smallcaps Map View 76x50 Zoom Use 0% Tactical HUD 1 Map Filters NONE Filters NONE Steam 1 RUN: 03a6c485-26c4-4429-851c-0f7b96883779